Map: 세라스 폐허

Players

Trick

  • Race: Terran Terran
  • League: Diamond

TOP - Winner!

  • Race: Terran Terran

Event: Gauntlet LotV Series 1 Qualifier 1

VOD

Have the link to the VOD?

Description

Time

  • Played on: Nov. 22, 2015, 4:07 p.m.
  • Length: 4:18

All games in this series

Show
View Real Time Build Order
Export as new Build Order

Trick Terran 

Build Orders: Reaper Expand 

Get SALT Encoding   

  12  0:00  SCV  
  13  0:13  SCV  
  14  0:18  Supply Depot  
  14  0:25  SCV  
  15  0:40  SCV, Refinery  
  16  0:47  Barracks  
  16  0:52  SCV  
  17  1:05  SCV  
  18  1:17  SCV  
  19  1:33  Orbital Command  
  19  1:34  Reaper  
  20  1:51  Command Center  
  20  2:00  SCV  
  21  2:03  Supply Depot  
  21  2:08  Marine  
  21  2:13  Refinery  
  22  2:19  SCV  
  23  2:26  Marine  
  24  2:31  SCV  
  24  2:36  Factory  
  25  2:43  SCV  
  26  2:49  Barracks Reactor  
  26  2:55  SCV  
  27  3:03  Orbital Command  
  27  3:07  SCV  
  29  3:20  SCV, Starport  
  29  3:31  Hellion x2  
  29  3:32  SCV  
  34  3:36  Barracks Tech Lab  
  34  3:37  SCV  
  35  3:44  SCV  
  36  3:49  SCV  
  37  3:56  SCV  
Show
View Real Time Build Order
Export as new Build Order

TOP Terran - Winner!

Build Orders: 1/1/1 

Get SALT Encoding   

  12  0:01  SCV  
  13  0:13  SCV  
  14  0:18  Supply Depot  
  14  0:25  SCV  
  15  0:30  Refinery  
  15  0:40  SCV  
  16  0:46  Barracks  
  16  0:52  SCV  
  17  1:04  SCV  
  18  1:16  SCV  
  19  1:34  Orbital Command, Marine  
  19  1:35  Factory  
  20  1:48  Supply Depot  
  20  1:52  Marine  
  21  2:00  SCV  
  22  2:09  Marine  
  22  2:12  SCV  
  23  2:20  Starport  
  23  2:22  Hellion  
  25  2:24  SCV  
  25  2:25  Supply Depot  
  25  2:27  Marine  
  27  2:31  Supply Depot  
  27  2:36  SCV  
  28  2:43  Hellion  
  30  2:45  Marine  
  31  2:56  Medivac  
  33  2:59  Supply Depot  
  33  3:03  Marine  
  33  3:05  Hellion  
  36  3:09  Supply Depot  
  36  3:17  Refinery  
  36  3:24  SCV  
  36  3:26  Hellion  
  39  3:33  Starport Tech Lab  
  39  3:34  Barracks Reactor  
  39  3:51  Command Center  
  38  4:12  Factory Tech Lab  
Tags
 
Add a new tag
Caveats
  • Supply blocks, unpowered buildings, or Contaminate may cause inaccurate times.
  • Supply counts are checked every 10 seconds.